Map: Eternal Empire LE

Players

Powerfoe - Winner!

  • Race: Terran Terran
  • League: Master
  • Spawn Location: 1:00

A.I. 1 (Very Easy)

  • Race: Zerg Zerg
  • Spawn Location: 7:00

VOD

Have the link to the VOD?

Description

Time

  • Played on: Sept. 21, 2020, 11:17 p.m.
  • Length: 8:40
Show
View Real Time Build Order
Export as new Build Order

Powerfoe Terran - Winner!

Build Orders: Gas First Reaper Expand, Mech 

Get SALT Encoding   

  12  0:00  SCV  
  13  0:12  SCV  
  14  0:17  Supply Depot  
  14  0:24  SCV  
  14  0:27  Refinery  
  15  0:39  SCV  
  16  0:44  Barracks  
  16  0:51  SCV  
  17  1:03  SCV  
  18  1:15  SCV  
  19  1:31  Reaper, Orbital Command  
  20  1:43  Command Center  
  20  1:55  Factory  
  20  1:58  SCV  
  21  2:05  Barracks Reactor  
  21  2:10  SCV  
  21  2:14  Supply Depot  
  22  2:19  Refinery  
  22  2:22  SCV  
  23  2:36  SCV  
  24  2:41  Marine x2, Hellion  
  28  2:48  SCV, Starport  
  29  2:59  Marine x2  
  29  3:00  Orbital Command  
  29  3:05  SCV  
  32  3:09  Hellion  
  34  3:17  Supply Depot  
  34  3:22  SCV  
  34  3:24  Starport Tech Lab  
  34  3:25  SCV  
  36  3:30  Bunker, Factory Tech Lab  
  36  3:34  SCV  
  36  3:38  SCV  
  38  3:42  Banshee  
  38  3:46  SCV  
  42  3:49  Refinery  
  42  3:50  SCV, Refinery  
  43  3:58  SCV  
  43  4:02  Supply Depot, SCV  
  45  4:07  Fusion Core  
  45  4:12  SCV  
  45  4:14  SCV  
  47  4:18  Starport  
  47  4:25  SCV  
  47  4:26  SCV  
  52  4:32  Supply Depot  
  52  4:37  SCV  
  53  4:38  SCV  
  54  4:49  SCV  
  54  4:50  SCV  
  56  4:55  Battlecruiser  
  59  5:02  Battlecruiser  
  59  5:03  SCV x2  
  59  5:05  Supply Depot  
  67  5:11  Supply Depot  
  67  5:15  SCV x2  
  67  5:16  Weapon Refit  
  69  5:27  SCV  
  69  5:28  SCV  
  71  5:32  Command Center  
  71  5:38  Supply Depot  
  71  5:40  SCV  
  71  5:42  Factory  
  72  5:46  Factory  
  72  5:48  SCV  
  73  5:52  SCV  
  74  6:01  Battlecruiser  
  80  6:13  SCV  
  80  6:16  Engineering Bay  
  80  6:17  Hellion x2  
  86  6:28  Factory Tech Lab  
  86  6:29  SCV  
  87  6:32  Supply Depot  
  87  6:33  Supply Depot, Factory Reactor  
  87  6:34  SCV  
  87  6:35  Factory Tech Lab  
  87  6:36  Battlecruiser  
  93  6:41  SCV  
  93  6:44  Hellion x2  
  93  6:46  SCV  
  99  6:53  SCV, Refinery  
  100  6:56  Refinery, Siege Tank  
  100  6:58  SCV, Siege Tank  
  107  7:01  Orbital Command  
  107  7:05  SCV  
  108  7:10  SCV  
  109  7:18  SCV, Hellion  
  109  7:19  Hellion  
  109  7:22  Armory  
  114  7:23  Armory, SCV  
  117  7:30  SCV  
  117  7:35  SCV  
  117  7:36  Siege Tank x2  
  123  7:37  SCV  
  123  7:42  SCV  
  123  7:43  Command Center  
  125  7:54  Supply Depot  
  125  7:55  Supply Depot  
  125  7:56  Supply Depot  
  125  7:57  Factory  
  125  8:00  Factory  
  125  8:09  Missile Turret  
  125  8:16  SCV x3  
  134  8:20  Supply Depot  
  134  8:21  Supply Depot x2  
  134  8:28  SCV x3  
Show
View Real Time Build Order
Export as new Build Order

A.I. 1 (Very Easy) Zerg 

Build Orders: Hatch First 

Get SALT Encoding   

  12  0:00  Drone  
  13  0:12  Overlord  
  13  0:16  Drone  
  14  0:41  Hatchery  
  13  0:45  Drone  
  14  1:04  Spawning Pool  
  13  1:05  Extractor  
  13  1:08  Drone  
  13  1:15  Drone  
  14  1:21  Overlord  
  14  1:51  Zergling x2  
  14  1:52  Queen  
  14  1:54  Zergling x2  
  18  2:02  Roach Warren  
  18  2:06  Drone  
  18  2:09  Extractor  
  18  2:13  Drone  
  18  2:17  Zergling x2  
  19  2:23  Drone  
  20  2:30  Drone  
  20  2:37  Drone  
  21  2:44  Drone  
  22  2:51  Drone  
  23  2:58  Drone  
  23  3:01  Roach  
  26  3:05  Drone  
  27  3:13  Overlord  
  27  3:17  Drone  
  28  3:24  Drone  
  29  3:29  Lair  
  29  3:31  Drone  
  30  3:42  Drone  
  30  3:45  Roach  
  33  3:50  Drone  
  34  3:57  Drone  
  35  4:05  Drone  
  35  4:06  Overlord  
  36  4:12  Drone  
  37  4:19  Drone  
  38  4:26  Drone  
  38  4:27  Overseer  
  38  4:28  Ravager, Roach  
  38  4:29  Overseer  
  42  4:33  Drone  
  43  4:40  Drone  
  44  4:47  Extractor  
  44  4:48  Drone  
  44  4:55  Extractor, Drone  
  44  5:02  Drone  
  44  5:04  Overlord  
  45  5:09  Drone  
  46  5:17  Drone  
  47  5:24  Drone  
  48  5:31  Drone  
  49  5:38  Drone  
  50  5:45  Drone  
  51  6:15  Drone  
  51  6:17  Overlord, Zergling x2  
  50  6:23  Drone  
  43  6:30  Drone  
  39  6:37  Drone  
  31  6:44  Drone  
  31  6:46  Roach  
  30  6:52  Drone  
  28  6:59  Drone  
  24  7:06  Drone  
  24  7:13  Drone  
  24  7:14  Zergling x2  
  23  7:20  Drone  
  24  7:27  Drone  
  24  7:34  Drone  
  24  7:42  Drone  
  24  7:43  Overlord, Zergling x2  
  26  7:49  Drone  
  27  7:56  Hatchery, Drone  
  27  8:02  Queen  
  27  8:03  Drone  
  25  8:10  Drone  
  25  8:12  Roach  
  22  8:16  Overlord  
  22  8:18  Drone  
  17  8:25  Drone  
Tags
 
Add a new tag
Caveats
  • Supply blocks, unpowered buildings, or Contaminate may cause inaccurate times.
  • Supply counts are checked every 10 seconds.